 Dungeon Crawl Stone Soup version 0.26.1-11-gd32895ea62 (webtiles) character file.

Game seed: 3343663423064142162

283 Cyrael the Shield-Bearer (level 6, -5/53 HPs)
             Began as a Gnoll Fighter on Apr 16, 2021.
             Was an Initiate of Dithmenos.
             Slain by Grinder (8 damage)
             ... on level 4 of the Dungeon on Apr 20, 2021.
             The game lasted 00:12:57 (4203 turns).

Cyrael the Shield-Bearer (Gnoll Fighter)            Turns: 4203, Time: 00:12:58

Health: -5/53      AC: 10    Str: 27    XL:     6   Next: 28%
Magic:  8/8        EV:  8    Int: 10    God:    Dithmenos [......]
Gold:   293        SH: 11    Dex: 14    Spells: 8/8 levels left

rFire    + . .     SeeInvis .   w - +1 dagger (drain)
rCold    . . .     Faith    .   c - +0 kite shield
rNeg     . . .     Spirit   .   k - +0 chain mail
rPois    .         Reflect  .   (no helmet)
rElec    .         Harm     .   (no cloak)
rCorr    .         Rampage  .   (no gloves)
Will     .....                  (no boots)
Stlth    ..........             (no amulet)
HPRegen  0.17/turn              g - ring of protection from fire
MPRegen  0.11/turn              A - +6 ring of strength

@: mighty
A: distributed training, fangs 1, strong nose
a: Renounce Religion


You were on level 4 of the Dungeon.
You worshipped Dithmenos.
Dithmenos was noncommittal.
You visited 2 branches of the dungeon, and saw 5 of its levels.

You collected 293 gold pieces.

Inventory:

Hand Weapons
 a - a +0 long sword
 d - a +0 hunting sling
 q - a +1 flail of protection
 w - a +1 dagger of draining (weapon)
Missiles
 e - 27 sling bullets
 f - 16 arrows
 h - 154 stones
 l - 4 boomerangs (quivered)
Armour
 b - a +0 scale mail
 c - a +0 kite shield (worn)
 k - a +0 chain mail (worn)
Jewellery
 g - a ring of protection from fire (left hand)
 A - a +6 ring of strength (right hand)
Wands
 B - a wand of random effects (16)
Scrolls
 n - 5 scrolls of identify {unknown}
 o - 4 scrolls of remove curse {unknown}
 r - 2 scrolls of random uselessness {unknown}
 t - a scroll of immolation {unknown}
 u - a scroll of teleportation {unknown}
 x - 2 scrolls of enchant armour {unknown}
 y - a scroll of amnesia {unknown}
 z - a scroll of blinking {unknown}
Potions
 i - a potion of lignification {unknown}
 j - 3 potions of curing {unknown}
 m - a potion of might
 p - 4 potions of brilliance {unknown}
 s - 3 potions of attraction {unknown}
 v - a potion of degeneration {unknown}
 C - a potion of magic {unknown}
 D - a potion of haste {unknown}


   Skills:
 + Level 6.8 Fighting
 + Level 1.9 Short Blades
 + Level 4.9 Long Blades
 + Level 1.9 Axes
 + Level 1.9 Maces & Flails
 + Level 1.9 Polearms
 + Level 1.9 Staves
 + Level 1.9 Slings
 + Level 1.9 Bows
 + Level 1.9 Crossbows
 + Level 1.9 Throwing
 + Level 6.8 Armour
 + Level 1.9 Dodging
 + Level 1.9 Stealth
 + Level 6.8 Shields
 + Level 1.9 Unarmed Combat
 + Level 1.9 Spellcasting
 + Level 1.5 Conjurations
 + Level 1.5 Hexes
 + Level 1.5 Summonings
 + Level 1.5 Necromancy
 + Level 1.5 Translocations
 + Level 1.5 Transmutations
 + Level 1.5 Fire Magic
 + Level 1.5 Ice Magic
 + Level 1.5 Air Magic
 + Level 1.5 Earth Magic
 + Level 1.5 Poison Magic
 + Level 2.1 Invocations
 + Level 1.9 Evocations


You had 8 spell levels left.
You didn't know any spells.
Your spell library was empty.

Dungeon Overview and Level Annotations

Branches:
Dungeon (4/15)             Temple (1/1) D:4

Altars:
Ashenzari
Cheibriados
Dithmenos
Elyvilon
Fedhas
Gozag
Hepliaklqana
Makhleb
Nemelex Xobeh
Okawaru
Qazlal
Ru
Sif Muna
Trog
Uskayaw
Vehumet
Wu Jian
Xom
Yredelemnul
Zin
The Shining One

Annotations:
D:4 Ogre, Grinder


Innate Abilities, Weirdness & Mutations

Your experience applies equally to all skills.
You have very sharp teeth.
Your uncanny sense of smell can sniff out nearby items.


Message History

Grinder says, "What is the universe for?"
Grinder hits you but does no damage.
You barely miss Grinder.
Grinder is moderately wounded.
You block the vampire bat's attack. Grinder gestures at you.
You resist with significant effort.
You hit Grinder.
Grinder is moderately wounded.
You block the vampire bat's attack.
The vampire bat bites you but does no damage.
Grinder hits you!
* * * LOW HITPOINT WARNING * * *
You writhe in agony.
* * * LOW HITPOINT WARNING * * *
You hit Grinder.
Grinder is moderately wounded.
The vampire bat bites you but does no damage.
You block the vampire bat's attack. Grinder hits you!
You die...

#..+..........+.....#....
####..........###########
#..........# #
#..........# #
#..........# #
##.........# #......####
#......### #..b@5...#
########(# #### #.#
#####.#.# #.###...#.⌠.#.
#5##.#.#.#(#.#
#.#.⌠.#.⌠b#.⌠
#.'..#.#.#.#.#
#.'.#5b.#.⌠5# #.'..#.#.#


You could see Grinder (strong) and a vampire bat.

Vanquished Creatures
  2 orc wizards (D:3)
  Natasha (twice) (D:4)
  A worker ant (D:4)
  4 gnolls (D:3)
  3 adders
  An ooze (D:3)
  A worm (D:2)
  3 dart slugs
  A leopard gecko (D:4)
  7 orcs
  8 bats
  2 bat skeletons (D:4)
  3 bat zombies (D:4)
  4 giant cockroaches
  3 goblins
  4 hobgoblins (D:3)
  9 jackals
  A frilled lizard (D:2)
  6 kobolds
  6 rats
71 creatures vanquished.

Notes
Turn   | Place    | Note
-------+----------+-------------------------------------------
     0 | D:1      | Cyrael the Gnoll Fighter began the quest for the Orb.
     0 | D:1      | Reached XP level 1. HP: 23/23 MP: 1/1
   341 | D:1      | Reached XP level 2. HP: 19/29 MP: 2/2
  1184 | D:2      | Reached XP level 3. HP: 35/35 MP: 3/3
  1833 | D:3      | Reached skill level 1 in Invocations
  1911 | D:3      | Reached skill level 1 in Short Blades
  1911 | D:3      | Reached skill level 1 in Axes
  1911 | D:3      | Reached skill level 1 in Maces & Flails
  1911 | D:3      | Reached skill level 1 in Polearms
  1911 | D:3      | Reached skill level 1 in Staves
  1911 | D:3      | Reached skill level 1 in Slings
  1911 | D:3      | Reached skill level 1 in Bows
  1911 | D:3      | Reached skill level 1 in Crossbows
  1911 | D:3      | Reached skill level 1 in Throwing
  1911 | D:3      | Reached skill level 1 in Dodging
  1911 | D:3      | Reached skill level 1 in Stealth
  1911 | D:3      | Reached skill level 1 in Unarmed Combat
  1911 | D:3      | Reached skill level 1 in Spellcasting
  1911 | D:3      | Reached skill level 1 in Evocations
  2044 | D:3      | Reached XP level 4. HP: 34/41 MP: 5/5
  2161 | D:3      | Reached skill level 1 in Conjurations
  2161 | D:3      | Reached skill level 1 in Hexes
  2161 | D:3      | Reached skill level 1 in Summonings
  2161 | D:3      | Reached skill level 1 in Necromancy
  2161 | D:3      | Reached skill level 1 in Translocations
  2161 | D:3      | Reached skill level 1 in Transmutations
  2161 | D:3      | Reached skill level 1 in Fire Magic
  2161 | D:3      | Reached skill level 1 in Ice Magic
  2161 | D:3      | Reached skill level 1 in Air Magic
  2161 | D:3      | Reached skill level 1 in Earth Magic
  2161 | D:3      | Reached skill level 1 in Poison Magic
  2266 | D:3      | Reached XP level 5. HP: 26/47 MP: 6/6
  3110 | D:4      | Found a staircase to the Ecumenical Temple.
  3140 | D:4      | Noticed an ogre
  3246 | Temple   | Entered the Ecumenical Temple
  3272 | Temple   | Became a worshipper of Dithmenos the Shadowed
  3684 | D:4      | Noticed Natasha
  3717 | D:4      | Killed Natasha
  3718 | D:4      | Reached XP level 6. HP: 53/53 MP: 8/8
  4013 | D:4      | Noticed Natasha
  4032 | D:4      | Killed Natasha
  4172 | D:4      | Noticed Grinder
  4189 | D:4      | Paralysed by Grinder for 4 turns
  4203 | D:4      | Slain by Grinder

Illustrated notes

Levels and vault maps discovered:
D:1:      amcnicky_arrival_double_pillar, layout_basic
D:2:      layout_loops_cross
D:3:      layout_basic
D:4:      layout_basic, kennysheep_vampire_church, temple_statues,
          brannock_xom_greatest_gift, uniq_grinder, uniq_natasha
Temple:   minmay_crystal_snake_temple

Skill      XL: |  1  2  3  4  5 |
---------------+----------------+-----
Invocations    | 1 2 |  2.1
Short Blades   | 1 |  1.9
Axes           | 1 |  1.9
Maces & Flails | 1 |  1.9
Polearms       | 1 |  1.9
Staves         | 1 |  1.9
Slings         | 1 |  1.9
Bows           | 1 |  1.9
Crossbows      | 1 |  1.9
Throwing       | 1 |  1.9
Dodging        | 1 |  1.9
Stealth        | 1 |  1.9
Unarmed Combat | 1 |  1.9
Spellcasting   | 1 |  1.9
Evocations     | 1 |  1.9
Conjurations   | 1 |  1.5
Hexes          | 1 |  1.5
Summonings     | 1 |  1.5
Necromancy     | 1 |  1.5
Translocations | 1 |  1.5
Transmutations | 1 |  1.5
Fire Magic     | 1 |  1.5
Ice Magic      | 1 |  1.5
Air Magic      | 1 |  1.5
Earth Magic    | 1 |  1.5
Poison Magic   | 1 |  1.5
Fighting       | |  6.8
Long Blades    | |  4.9
Armour         | |  6.8
Shields        | |  6.8

Action                   |  1- 3 |  4- 6 || total
-------------------------+-------+-------++-------
Melee: Long sword        |   112 |    34 ||   146
       Bite              |    13 |    14 ||    27
       Dagger            |       |    62 ||    62
       Flail             |       |    18 ||    18
 Fire: Hunting sling     |       |    15 ||    15
Throw: Boomerang         |       |     7 ||     7
  Use: Potion            |       |     1 ||     1
Armor: Scale mail        |    46 |     6 ||    52
       Chain mail        |       |    50 ||    50
Dodge: Dodged            |    37 |    35 ||    72
Block: Kite shield       |    66 |    75 ||   141
       Rpst.: Long sword |     6 |     5 ||    11
